 Seeded DCSS version 0.28.0-53-g5a82cb258f (webtiles) character file.

Game seed: 20220717 (custom seed)

205578 Kazon the Fetichist (level 18, -4/175 HPs)
             Began as a Deep Dwarf Berserker on July 29, 2022.
             Was a High Priest of Trog.
             Slain by Mara (illusionary)
             ... wielding a +2 demon whip of electrocution
              (16 damage)
             ... on level 3 of the Snake Pit on Aug 4, 2022.
             The game lasted 04:41:29 (31476 turns).

Kazon the Fetichist (Deep Dwarf Berserker)         Turns: 31476, Time: 04:41:30

Health: -4/175     AC: 21    Str: 35    XL:     18   Next: 42%
Magic:  9/9        EV: 20    Int: 11    God:    Trog [*****.]
Gold:   3013       SH: 14    Dex: 17    Spells: 17/17 levels left

rFire   + . .      SeeInvis .   q - +7 whip of Dishonour {vamp, Will+ rCorr Str+3 Dex-5}
rCold   + . .      Faith    .   c - +1 buckler of Intercession {Rampage rC+ Will+ Int+2}
rNeg    + + +      Spirit   .   Y - +0 pearl dragon scales
rPois   +          Reflect  +   z - +0 hat "Urioruo" {+Blink rElec rF- rN+}
rElec   +          Harm     .   h - +2 cloak {Stlth+}
rCorr   +          Rampage  +   (no gloves)
Will    +++++                   i - +1 pair of boots
Stlth   ++++......              Q - amulet of reflection
HPRegen 1.00/turn               Z - ring "Zewnac" {rPois rF+ EV+4}
MPRegen 0.11/turn               a - ring of the Dripping King {rF+ Str+6 Dex+6}

@: strong-willed, on berserk cooldown, regenerating, slowed, studying Shields,
very slow
A: damage resistance, heal wounds, negative energy resistance 1, sense
surroundings 3, no regeneration, strong 1
a: Heal Wounds, Renounce Religion, Evoke Blink, Berserk, Trog's Hand, Brothers
in Arms


You were on level 3 of the Snake Pit.
You worshipped Trog.
Trog was extremely pleased with you.
You visited 5 branches of the dungeon, and saw 29 of its levels.
You visited the Abyss 1 time.
You also visited: Gauntlet.

You collected 3621 gold pieces.
You spent 608 gold pieces at shops.

Inventory:

Hand Weapons
 e - the +7 short sword of Punishment {venom, +Blink Fly rPois rC-}
   (You found it on level 4 of the Dungeon)

   It poisons the flesh of those it strikes.
   rC:        It makes you vulnerable to cold.
   rPois:     It protects you from poison.
   Fly:       It grants you flight.
   +Blink:    It lets you blink.
 f - the +2 long sword of Inflation {flame, rF+}
   (You found it on level 2 of the Snake Pit)

   It burns those it strikes, dealing additional fire damage.
   Big, fiery blades are also staple armaments of hydra-hunters.
   rF:        It protects you from fire.
 q - the +7 whip of Dishonour (weapon) {vamp, Will+ rCorr Str+3 Dex-5}
   (You found it on level 3 of the Dungeon)

   It occasionally heals its wielder for a portion of the damage dealt when it
   wounds a living foe.
   Str:       It affects your strength (+3).
   Dex:       It affects your dexterity (-5).
   rCorr:     It protects you from acid and corrosion.
   Will:      It increases your willpower.
Missiles
 r - 4 boomerangs
 u - 16 atropa-tipped darts
 A - 3 datura-tipped darts
 F - 177 bolts
 I - 4 throwing nets (quivered)
 K - 6 silver javelins
 M - 2 curare-tipped darts
 N - 22 javelins
 X - 7 poisoned darts
Armour
 c - the +1 buckler of Intercession (worn) {Rampage rC+ Will+ Int+2}
   (You found it on level 13 of the Dungeon)

   Int:       It affects your intelligence (+2).
   rC:        It protects you from cold.
   Rampage:   It bestows one free step when moving towards enemies.
   Will:      It increases your willpower.
 h - a +2 cloak of stealth (worn)
 i - a +1 pair of boots (worn)
 z - the +0 hat "Urioruo" (worn) {+Blink rElec rF- rN+}
   (You found it in a Gauntlet)

   rF:        It makes you vulnerable to fire.
   rElec:     It insulates you from electricity.
   rN:        It protects you from negative energy.
   +Blink:    It lets you blink.
 D - a +3 chain mail of cold resistance
 Y - +0 pearl dragon scales (worn)
Jewellery
 a - the ring of the Dripping King (right hand) {rF+ Str+6 Dex+6}
   (You acquired it on level 13 of the Dungeon)

   [ring of strength]

   Str:       It affects your strength (+6).
   Dex:       It affects your dexterity (+6).
   rF:        It protects you from fire.
 k - a ring of protection from cold
 Q - an amulet of reflection (around neck)
 Z - the ring "Zewnac" (left hand) {rPois rF+ EV+4}
   (You found it on level 2 of the Lair of Beasts)

   [ring of evasion]

   EV:        It affects your evasion (+4).
   rF:        It protects you from fire.
   rPois:     It protects you from poison.
Wands
 l - a wand of polymorph (12)
 m - a wand of flame (53)
 s - a wand of acid (10)
 w - a wand of mindburst (9)
 C - a wand of paralysis (21)
 G - a wand of digging (5)
 V - a wand of charming (4)
Scrolls
 b - 3 scrolls of fear
 n - 6 scrolls of teleportation
 t - a scroll of fog
 y - 6 scrolls of magic mapping
 B - 5 scrolls of enchant weapon
 H - 3 scrolls of holy word
 S - 3 scrolls of blinking
 T - 2 scrolls of summoning
 U - 2 scrolls of silence
Potions
 d - 9 potions of heal wounds
 g - 3 potions of resistance
 j - 17 potions of curing
 o - 5 potions of cancellation
 p - 5 potions of lignification
 v - 8 potions of haste
 x - a potion of berserk rage
 E - a potion of invisibility
 P - 6 potions of might
Miscellaneous
 J - a condenser vane
 O - a tin of tremorstones (2/2)
 R - a lightning rod (4/4)
 W - a phantom mirror


   Skills:
 + Level 14.2 Fighting
 + Level 8.2(8.4) Short Blades
 + Level 2.3(6.1) Long Blades
 + Level 15.7(15.8) Maces & Flails
 + Level 0.8(1.4) Polearms
 + Level 1.8(9.6) Staves
 + Level 5.8 Crossbows
 + Level 10.0 Throwing
 + Level 12.7 Armour
 + Level 10.6 Dodging
 + Level 9.1 Stealth
 + Level 14.3 Shields
 + Level 16.8 Evocations


You had 17 spell levels left.
You didn't know any spells.
Your spell library was empty.

Dungeon Overview and Level Annotations

Branches:
Dungeon (15/15)            Temple (0/1) D:7            Lair (6/6) D:9
 Shoals (0/4) Lair:3        Snake (3/4) Lair:2        Slime (0/5) Lair:5
    Orc (2/2) D:10            Elf (3/3) Orc:2        Vaults (0/5) D:13
 Depths (0/4) D:15        Gauntlet (visited)

Altars:
Cheibriados
Dithmenos
Fedhas
Gozag
Hepliaklqana
Kikubaaqudgha
Makhleb
Sif Muna
Trog
Uskayaw
Vehumet
Wu Jian
Xom
Yredelemnul
Beogh

Shops:
D:8 *   Orc:2 ([*:   Elf:1 [!   Elf:3 ?

Annotations:
Snake:3 Mara


Innate Abilities, Weirdness & Mutations

You are resistant to damage.
You can heal yourself by infusing magical energy.
You resist negative energy. (rN+)
You passively map a large area around you.
You do not regenerate.
Your muscles are strong. (Str +2)


Message History

You thrash Kazon's illusion!!
Kazon's illusion is almost dead.
You whack Kazon's illusion!
You kill Kazon's illusion!
Kazon's illusion shimmers and vanishes!
You rampage towards Mara!
You hit Mara.
Mara is severely wounded.
You completely miss Mara.
Mara is severely wounded.
You hit Mara.
Mara is severely wounded.
You are no longer berserk.
You are exhausted.
You feel yourself slow down.
Mara hits you with a +2 demon whip of electrocution!!
Mara gestures at you. The bolt of fire hits you! You resist.
You whack Mara!
Mara is severely wounded.
You whack Mara!
Mara is almost dead.
You block Mara's attack.
You miss Mara.
Mara is almost dead.
Mara hits you with a +2 demon whip of electrocution!!
* * * LOW HITPOINT WARNING * * *
Mara gestures at you.
The bolt of fire hits Mara.
Mara resists.
The bolt of fire hits you!! You resist.
* * * LOW HITPOINT WARNING * * *
Your skin crawls.
You feel strong-willed. Mara gestures at you. The bolt of fire hits you!
You resist.
* * * LOW HITPOINT WARNING * * *
Mara hits you with a +2 demon whip of electrocution.
* * * LOW HITPOINT WARNING * * *
Mara blinks!
Mara hits you with a +2 demon whip of electrocution!!
You die...

#...............##..)..#
..#.....##.....###..)..#
..##...######### #.....#
... #.....## ###.....#
..* #.##..#####.......#
..###.###.##...R#....R#
............###......#
.####..###..###R.....#
##. ##...@R§....# ##*,
############ , * ** * *
, , * * , , ,, * * * , ,


You could see 3 Maras.

Vanquished Creatures
  3 deep elf blademasters (Elf:3)
  2 deep elf master archers (Elf:3)
  Gastronok (Lair:3)
  2 nagarajas (Snake:3)
  A fire giant (D:15)
  10 deep elf sorcerers
  2 orc warlords
  7 deep elf elementalists (Elf:3)
  3 deep elf annihilators (Elf:3)
  5 deep elf demonologists
  A dire elephant (Lair:6)
  A minotaur (Gauntlet)
  5 deep elf death magi (Elf:3)
  Erolcha (D:11)
  3 deep elf high priests (Elf:3)
  Harold (D:10)
  6 naga warriors
  10 hydras
  2 salamander tyrants (Snake:2)
  An ogre mage (D:14)
  5 anacondas
  A jorogumo (shapeshifter) (Elf:3)
  3 boulder beetles
  A merfolk avatar (Lair:6)
  2 catoblepae
  6 death yaks
  20 dancing weapons
  10 two-headed ogres
  4 centaur warriors
  A hell hog (Gauntlet)
  3 orc high priests
  10 naga sharpshooters
  4 shock serpents
  Sonja (D:11)
  12 deep elf knights
  4 salamander mystics
  A sea snake (Lair:6)
  4 naga ritualists
  29 deep elf zephyrmancers
  4 deep elf archers
  3 orc knights
  2 harpies (Lair:6)
  2 wizards
  7 mana vipers
  25 deep elf pyromancers
  4 orc sorcerers
  An ugly thing (D:12)
  6 oklob plants (Lair:3)
  A cyclops (Orc:2)
  5 manticores
  17 salamanders
  8 elephants
  A guardian serpent (Snake:2)
  A gargoyle (D:11)
  32 black mambas
  Joseph (D:8)
  11 naga magi
  13 cane toads
  A cane toad (shapeshifter) (Elf:3)
  Psyche (D:9)
  3 rime drakes
  5 torpor snails
  2 efreet (D:15)
  7 komodo dragons
  2 unseen horrors
  A freezing wraith (D:14)
  6 trolls
  4 polar bears
  Grinder (D:4)
  8 blink frogs
  5 slime creatures
  3 hornets
  2 wind drakes (Lair:6)
  A snapping turtle (Lair:3)
  A shadow (D:10)
  A centaur simulacrum (D:14)
  2 wyverns
  38 yaks
  Grum (D:8)
  6 basilisks
  7 water elementals
  A hog (D:10)
  2 fire bats (D:4)
  3 steam dragons
  Eustachio (D:5)
  A human (D:10)
  10 vampire mosquitoes
  Menkaure (D:6)
  43 nagas
  4 wargs
  An acid dragon (D:10)
  4 hell hounds
  5 water moccasins
  2 ice beasts
  A black bear (Lair:2)
  26 orc warriors
  A sky beast (D:6)
  4 boggarts (D:15)
  6 centaurs
  6 ogres
  13 wolves
  3 phantoms
  6 kobold brigands
  9 bullfrogs
  2 gnoll sergeants (D:8)
  2 small abominations (Gauntlet)
  5 earth elementals
  6 scorpions
  A water moccasin zombie (D:5)
  A wyvern skeleton (D:6)
  2 troll zombies (D:10)
  2 water moccasin skeletons (D:7)
  3 wights (D:9)
  10 killer bees
  3 howler monkeys
  2 centaur zombies
  5 hounds
  2 jellies
  2 bullfrog skeletons (D:6)
  2 gnoll shamans
  16 orc priests
  Crazy Yiuf (D:4)
  2 iguanas
  25 orc wizards
  A scorpion zombie (D:5)
  14 hell rats
  Terence (D:2)
  A killer bee zombie (D:7)
  6 ogre zombies (D:10)
  A hound skeleton (D:5)
  A howler monkey zombie (D:7)
  9 gnolls
  5 adders
  10 river rats
  3 shadow imps
  2 white imps
  An ufetubus (D:6)
  An adder skeleton (D:4)
  3 worms
  5 dart slugs
  75 orcs
  7 ball pythons
  6 endoplasms
  4 giant cockroaches
  4 goblins
  4 hobgoblins
  3 jackals (D:1)
  22 kobolds
  6 quokkas
  6 bats
  2 frilled lizards
  2 goblin skeletons (D:10)
  4 goblin zombies (D:10)
  2 hobgoblin skeletons (D:10)
  2 hobgoblin zombies (D:10)
  15 orc zombies (D:10)
  16 rats
  A briar patch (Lair:2)
932 creatures vanquished.

Vanquished Creatures (collateral kills)
  Roxanne (Snake:1)
  A deep elf elementalist (Elf:3)
  A deep elf demonologist (Elf:3)
  Azrael (Orc:2)
  A deep elf death mage (Elf:2)
  A boulder beetle (D:12)
  A death knight (D:13)
  An anaconda (Snake:1)
  3 dancing weapons
  2 deep elf knights
  3 skeletal warriors (D:13)
  An orc knight (Orc:1)
  2 deep elf archers
  8 deep elf zephyrmancers
  3 orc sorcerers (Orc:2)
  A naga mage (Snake:1)
  A dream sheep (shapeshifter) (Elf:2)
  A wraith (D:13)
  A shadow (D:12)
  4 fire bats (Gauntlet)
  A fire elemental (Orc:2)
  A warg (Orc:2)
  4 hell hounds
  6 orc warriors
  2 large abominations (Gauntlet)
  3 small abominations (Gauntlet)
  6 orc priests
  An orc wizard (Orc:1)
  5 orcs
67 creatures vanquished.

Vanquished Creatures (others)
  Nikola (Snake:1)
  A deep elf annihilator (Elf:3)
  A naga warrior (Snake:2)
  An orc high priest (Elf:1)
  A naga sharpshooter (Snake:3)
  2 deep elf knights
  An orc knight (Orc:2)
  2 deep elf pyromancers
  A deep elf zephyrmancer (Elf:2)
  A water moccasin (Lair:6)
  An orc warrior (Orc:2)
  An orc priest (Orc:2)
  A hell rat (Lair:6)
  2 bushes
  22 fungi
  45 plants
84 creatures vanquished.

Grand Total: 1083 creatures vanquished

Notes
Turn   | Place    | Note
-------+----------+-------------------------------------------
     0 | D:1      | Kazon the Deep Dwarf Berserker began the quest for the Orb.
     0 | D:1      | Reached XP level 1. HP: 20/20 MP: 1/1
    76 | D:1      | Reached XP level 2. HP: 22/27 MP: 2/2
   337 | D:1      | Reached XP level 3. HP: 24/34 MP: 3/3
   744 | D:2      | Reached ** piety under Trog
  1015 | D:2      | Noticed Terence
  1029 | D:2      | Killed Terence
  1030 | D:2      | Reached XP level 4. HP: 17/42 MP: 4/4
  1044 | D:2      | Found a faded altar of an unknown god.
  1198 | D:3      | Reached skill level 1 in Evocations
  1348 | D:3      | Reached skill level 1 in Stealth
  1438 | D:3      | Identified the +7 whip of Dishonour {vamp, Will+ rCorr
                  | Str+3 Dex-5}
  1645 | D:3      | Found a basalt altar of Yredelemnul.
  1652 | D:3      | Reached skill level 1 in Short Blades
  1691 | D:4      | Noticed an ogre
  1694 | D:4      | You fall into a shaft and drop 1 floor!
  1694 | D:5      | Entered Level 5 of the Dungeon
  1705 | D:5      | Reached skill level 1 in Throwing
  1705 | D:5      | Reached XP level 5. HP: 48/49 MP: 5/5
  1744 | D:5      | Reached *** piety under Trog
  1745 | D:5      | Reached skill level 2 in Evocations
  1766 | D:5      | Noticed Eustachio
  1783 | D:5      | Killed Eustachio
  1784 | D:5      | Reached XP level 6. HP: 24/57 MP: 6/6
  1948 | D:4      | Identified the ring of Atzimugi {rN++ Will+ EV+4 Int-2
                  | Dex+4}
  1982 | D:4      | Noticed Grinder
  1996 | D:4      | Killed Grinder
  1997 | D:4      | Reached skill level 5 in Maces & Flails
  1997 | D:4      | Reached skill level 3 in Evocations
  1997 | D:4      | Reached XP level 7. HP: 54/64 MP: 6/6
  2093 | D:4      | Noticed Edmund
  2099 | D:4      | Noticed Edmund
  2099 | D:4      | Edmund changed into Edmund the naga
  2113 | D:4      | Killed Edmund the naga
  2166 | D:4      | Found a transporter.
  2245 | D:4      | Noticed a +0 hand axe
  2248 | D:4      | Found a hide-covered altar of Uskayaw.
  2249 | D:4      | Noticed a +0 hand axe
  2356 | D:4      | Identified the +7 short sword of Punishment {venom, +Blink
                  | Fly rPois rC-}
  2408 | D:4      | Found a transporter.
  2409 | D:4      | Noticed a fire bat
  2409 | D:4      | Noticed a fire bat
  2481 | D:4      | Found a runed translucent door.
  2482 | D:4      | Noticed Crazy Yiuf
  2492 | D:4      | Killed Crazy Yiuf
  2620 | D:5      | Noticed a steam dragon
  2647 | D:5      | Killed a steam dragon
  2648 | D:5      | Reached skill level 4 in Evocations
  2648 | D:5      | Reached XP level 8. HP: 73/73 MP: 7/7
  2938 | D:5      | Reached skill level 5 in Evocations
  2954 | D:5      | Identified a scroll of acquirement
  2954 | D:5      | Acquired a manual of Maces & Flails
  3152 | D:6      | Noticed Menkaure
  3159 | D:6      | Killed Menkaure
  3372 | D:6      | Gained mutation: You passively map the area around you.
                  | [Deep Dwarf growth]
  3372 | D:6      | Reached XP level 9. HP: 67/79 MP: 8/8
  3385 | D:6      | Reached **** piety under Trog
  3484 | D:6      | Reached skill level 6 in Evocations
  3595 | D:6      | Found a shadowy altar of Dithmenos.
  4120 | D:6      | Found a blossoming altar of Fedhas.
  4188 | D:6      | Reached skill level 5 in Short Blades
  4200 | D:7      | Found a staircase to the Ecumenical Temple.
  4634 | D:7      | Reached skill level 5 in Fighting
  4801 | D:7      | Reached skill level 7 in Evocations
  5073 | D:8      | Noticed Grum
  5091 | D:8      | Killed Grum
  5116 | D:8      | Reached skill level 5 in Armour
  5116 | D:8      | Reached skill level 5 in Dodging
  5165 | D:8      | Reached XP level 10. HP: 87/88 MP: 9/9
  5409 | D:8      | Reached skill level 10 in Maces & Flails
  5423 | D:8      | Reached skill level 8 in Evocations
  5432 | D:8      | Reached ***** piety under Trog
  5656 | D:8      | Found Plog's General Store.
  5669 | D:8      | Bought a scroll of identify for 28 gold pieces
  5669 | D:8      | Bought a potion of heal wounds for 70 gold pieces
  5807 | D:8      | Found a hazy altar of Hepliaklqana.
  5807 | D:8      | Found a faded altar of an unknown god.
  5832 | D:8      | Noticed Joseph
  5847 | D:8      | Killed Joseph
  6148 | D:9      | Found an ornate altar of the Wu Jian Council.
  6387 | D:9      | Noticed a two-headed ogre
  6406 | D:9      | Killed a two-headed ogre
  6407 | D:9      | Reached skill level 1 in Shields
  6452 | D:9      | Noticed Psyche
  6463 | D:9      | Killed Psyche
  6497 | D:9      | Noticed a death yak
  6498 | D:9      | Noticed a death yak
  6525 | D:9      | Killed a death yak
  6526 | D:9      | Reached XP level 11. HP: 97/97 MP: 10/10
  6526 | D:9      | Noticed a death yak
  6560 | D:9      | Killed a death yak
  6561 | D:9      | Reached skill level 9 in Evocations
  6594 | D:9      | Killed a death yak
  6607 | D:9      | Found a staircase to the Lair.
  6679 | D:9      | Found an ancient bone altar of Kikubaaqudgha.
  6683 | D:9      | Found a shimmering blue altar of Sif Muna.
  6686 | D:9      | Found a radiant altar of Vehumet.
  6718 | D:9      | Found a bloodstained altar of Trog.
  6855 | Lair:1   | Entered Level 1 of the Lair of Beasts
  6961 | Lair:1   | Found a snail-covered altar of Cheibriados.
  7291 | Lair:1   | Noticed a seven-headed hydra
  7300 | Lair:1   | Killed a seven-headed hydra
  7301 | Lair:1   | Reached skill level 10 in Evocations
  7788 | Lair:2   | Noticed a death yak
  7818 | Lair:2   | Killed a death yak
  7819 | Lair:2   | Reached XP level 12. HP: 60/106 MP: 11/11
  7969 | Lair:2   | Noticed a seven-headed hydra
  7979 | Lair:2   | Killed a seven-headed hydra
  8045 | Lair:2   | Found a transporter.
  8163 | Lair:2   | Found a staircase to the Snake Pit.
  8164 | Lair:2   | Found a transporter.
  8202 | Lair:2   | Received a gift from Trog
  8225 | Lair:2   | Reached skill level 5 in Shields
  8225 | Lair:2   | Reached skill level 11 in Evocations
  8232 | Lair:2   | Found a dark tunnel.
  8638 | Lair:2   | Reached skill level 5 in Stealth
  8717 | Lair:3   | Noticed Gastronok
  8741 | Lair:3   | Killed Gastronok
  8765 | Lair:3   | Noticed a four-headed hydra
  8773 | Lair:3   | Killed a four-headed hydra
  9054 | Lair:3   | Found a staircase to the Shoals.
  9349 | Lair:3   | Found a blossoming altar of Fedhas.
 10082 | Lair:4   | Reached skill level 12 in Evocations
 10292 | Lair:4   | Noticed a five-headed hydra
 10319 | Lair:4   | Killed a five-headed hydra
 10320 | Lair:4   | Reached XP level 13. HP: 68/117 MP: 11/11
 10657 | Lair:4   | Gained mutation: You sometimes lose the ability to read
                  | scrolls when taking damage. [potion of mutation]
 10657 | Lair:4   | Gained mutation: You are partially covered in iridescent
                  | scales. (AC +2) [potion of mutation]
 11333 | Lair:5   | Found a staircase to the Slime Pits.
 11969 | Lair:6   | Entered Level 6 of the Lair of Beasts
 12025 | Lair:6   | Received a gift from Trog
 12118 | Lair:6   | Reached skill level 13 in Evocations
 12568 | Lair:6   | Reached skill level 5 in Throwing
 12859 | Lair:6   | Identified the amulet of Xovogh {Acrobat rElec Int+6}
 12861 | Lair:6   | Identified the +5 trident of Ruination {vorpal, rC+ Will+
                  | Dex+2}
 12907 | Lair:6   | Noticed a dire elephant
 12940 | Lair:6   | Killed a dire elephant
 13417 | Lair:2   | Identified the ring "Zewnac" {rPois rF+ EV+4}
 13481 | D:10     | Entered Level 10 of the Dungeon
 13563 | D:10     | Gained mutation: You resist negative energy. (rN+) [Deep
                  | Dwarf growth]
 13563 | D:10     | Reached XP level 14. HP: 106/129 MP: 12/12
 13734 | D:10     | Found an opulent altar of Gozag.
 13854 | D:10     | Found a staircase to the Orcish Mines.
 14000 | D:10     | Reached ****** piety under Trog
 14001 | D:10     | Reached skill level 1 in Staves
 14218 | D:10     | Found a shimmering altar of Xom.
 14415 | D:10     | Noticed Harold
 14436 | D:10     | Killed Harold
 14678 | D:11     | Received a gift from Trog
 14843 | D:11     | Noticed Sonja
 14883 | D:11     | Killed Sonja
 15098 | D:11     | Reached skill level 14 in Evocations
 15165 | D:11     | Noticed Erolcha
 15196 | D:11     | Killed Erolcha
 16511 | D:13     | Reached skill level 10 in Fighting
 16534 | D:13     | Found a gate to the Vaults.
 16559 | D:13     | Acquired the ring of the Dripping King {rF+ Str+6 Dex+6}
 16779 | D:13     | Identified the +1 buckler of Intercession {Rampage rC+
                  | Will+ Int+2}
 17293 | Orc:1    | Entered Level 1 of the Orcish Mines
 17450 | Orc:2    | Entered Level 2 of the Orcish Mines
 17599 | Orc:2    | Reached skill level 10 in Shields
 17829 | Orc:2    | Found a staircase to the Elven Halls.
 17889 | Orc:2    | Noticed Urug
 17897 | Orc:2    | Noticed Urug
 17897 | Orc:2    | Urug changed into Urug the komodo dragon
 17908 | Orc:2    | Killed Urug the komodo dragon
 17933 | Orc:2    | Found a shimmering altar of Xom.
 17946 | Orc:2    | Noticed Azrael
 17959 | Orc:2    | Killed Azrael
 18141 | Orc:2    | Noticed an orc warlord
 18164 | Orc:2    | Killed an orc warlord
 18286 | Orc:1    | Found a burning altar of Makhleb.
 18293 | Orc:2    | Received a gift from Trog
 18610 | Orc:2    | Noticed an orc warlord
 18621 | Orc:2    | Reached skill level 15 in Evocations
 18632 | Orc:2    | Reached XP level 15. HP: 56/140 MP: 12/12
 18698 | Orc:1    | Killed an orc warlord
 18928 | Orc:2    | Received a gift from Trog
 19195 | Orc:2    | Found Hiuto's Antique Armour Emporium.
 19196 | Orc:2    | Found Jowk's Antique Weapon Shoppe.
 19198 | Orc:2    | Found Bygucar's General Store.
 19198 | Orc:2    | Found Ifunoaf's Book Emporium.
 19771 | D:14     | Found a gate leading to a gauntlet.
 19790 | Gauntlet | Entered a Gauntlet
 19790 | Gauntlet | Found a transporter.
 19790 | Gauntlet | Found a transporter.
 19798 | Gauntlet | Found a transporter.
 19802 | Gauntlet | Found a transporter.
 19816 | Gauntlet | Found a transporter.
 19817 | Gauntlet | Found a transporter.
 19828 | Gauntlet | Found a transporter.
 19837 | Gauntlet | Found the +3 pair of gauntlets of War {Slay+5}
 19844 | Gauntlet | Found a transporter.
 19862 | Gauntlet | Found a transporter.
 19862 | Gauntlet | Found a transporter.
 19873 | Gauntlet | Found a transporter.
 19877 | Gauntlet | Found a transporter.
 19922 | Gauntlet | Identified the +2 robe of the Volcano {Will+ Str+3}
 19963 | Gauntlet | Identified the ring of Jiusissi {rPois rF+}
 20008 | Gauntlet | Identified the +0 hat "Urioruo" {+Blink rElec rF- rN+}
 20433 | D:14     | Reached skill level 10 in Armour
 20751 | D:15     | Entered Level 15 of the Dungeon
 20891 | D:15     | Found a staircase to the Depths.
 20891 | D:15     | Noticed a fire giant
 21031 | D:15     | Identified the +1 robe of Rationality {+Inv rF- rC+}
 21265 | D:15     | Killed a fire giant
 22228 | Elf:1    | Entered Level 1 of the Elven Halls
 22289 | Elf:1    | Found a radiant altar of Vehumet.
 22471 | Elf:1    | Received a gift from Trog
 22561 | Elf:1    | Reached skill level 16 in Evocations
 22924 | Elf:1    | Noticed a deep elf sorcerer
 22958 | Elf:1    | Killed a deep elf sorcerer
 23021 | Elf:1    | Reached XP level 16. HP: 123/151 MP: 12/12
 23370 | Elf:1    | Received a gift from Trog
 23371 | Elf:1    | Reached skill level 1 in Long Blades
 23407 | Elf:1    | Found Riawici's Distillery.
 23414 | Elf:1    | Bought a potion of heal wounds for 90 gold pieces
 23414 | Elf:1    | Bought a potion of mutation for 144 gold pieces
 23418 | Elf:1    | Lost mutation: You sometimes lose the ability to read
                  | scrolls when taking damage. [potion of mutation]
 23418 | Elf:1    | Lost mutation: You are partially covered in iridescent
                  | scales. (AC +2) [potion of mutation]
 23418 | Elf:1    | Gained mutation: Your muscles are strong. (Str +2) [potion
                  | of mutation]
 23423 | Elf:1    | Found Wiamioll's Armour Boutique.
 23824 | Elf:2    | Found a huge runed translucent gate.
 23824 | Elf:2    | Found a huge runed translucent gate.
 23824 | Elf:2    | Found a huge runed translucent gate.
 23828 | Elf:2    | Found a huge runed translucent gate.
 23829 | Elf:2    | Found a huge runed translucent gate.
 24345 | Elf:2    | Cast into level 2 of the Abyss (+2 eveningstar of
                  | distortion)
 24409 | Elf:2    | Escaped the Abyss
 24827 | Elf:2    | Reached skill level 15 in Maces & Flails
 24914 | Elf:3    | Entered Level 3 of the Elven Halls
 25135 | Elf:3    | Received a gift from Trog
 25324 | Elf:3    | Found Ynaoc's Magic Scroll Shop.
 25397 | Elf:3    | Noticed a Hell Sentinel
 25429 | Elf:3    | Noticed a deep elf master archer
 25431 | Elf:3    | Noticed a deep elf blademaster
 25431 | Elf:3    | Noticed a deep elf blademaster
 25435 | Elf:3    | Noticed a deep elf master archer
 25506 | Elf:3    | Killed a deep elf blademaster
 25754 | Elf:3    | Reached XP level 17. HP: 41/162 MP: 11/11
 25870 | Elf:3    | Bought a scroll of summoning for 199 gold pieces
 25929 | Elf:3    | Noticed a deep elf blademaster
 25941 | Elf:3    | Killed a deep elf blademaster
 26011 | Elf:3    | Killed a deep elf master archer
 26026 | Elf:3    | Killed a deep elf blademaster
 26034 | Elf:3    | Identified the +10 quarterstaff of Jelef {antimagic, Drain
                  | rCorr Dex+5} (Trog gifted it to you on level 3 of the Elven
                  | Halls)
 26034 | Elf:3    | Received a gift from Trog
 26034 | Elf:3    | Killed a deep elf master archer
 26207 | Elf:3    | Identified the +8 hand axe "Seaxur" {vorpal, SInv}
 26467 | Elf:3    | Identified the +1 falchion "Ygantisch" {speed, Will++ MP-9}
 26480 | Elf:3    | Identified the amulet "Husuf" {Regen+ Str+3 Slay+3}
 26511 | Elf:3    | Found the +9 heavy crossbow "Sniper" {vorpal, Acc+∞ SInv}
 27255 | Orc:2    | Bought a potion of curing for 33 gold pieces
 27255 | Orc:2    | Bought a potion of might for 44 gold pieces
 27696 | Snake:1  | Entered Level 1 of the Snake Pit
 27715 | Snake:1  | Noticed Roxanne
 27767 | Snake:1  | Reached skill level 1 in Crossbows
 28240 | Snake:1  | Noticed Nikola
 28261 | Snake:1  | Killed Nikola
 28262 | Snake:1  | Reached skill level 10 in Dodging
 28385 | Snake:1  | Killed Roxanne
 28505 | Snake:1  | Received a gift from Trog
 29187 | Snake:2  | Gained mutation: You passively map a large area around you.
                  | [Deep Dwarf growth]
 29187 | Snake:2  | Reached XP level 18. HP: 52/174 MP: 7/11
 29307 | Snake:2  | Reached skill level 10 in Throwing
 30142 | Snake:2  | Identified the +2 long sword of Inflation {flame, rF+}
 30605 | Snake:3  | Reached skill level 5 in Crossbows
 30750 | Snake:3  | Received a gift from Trog
 30946 | Snake:3  | Noticed Mara
 30964 | Snake:3  | Noticed Kazon's illusion
 31094 | Snake:3  | Noticed Kazon's illusion
 31367 | Snake:3  | Noticed Kazon's illusion
 31476 | Snake:3  | Slain by Mara (illusionary)

Illustrated notes

Levels and vault maps discovered:
D:1:      minmay_arrival_loop, layout_basic, minmay_octomino_e4
D:2:      layout_rooms, shapermc_ecumenical_altar_acropolis, uniq_terence
D:3:      layout_basic, mainiacjoe_overflow_alcove_4
D:4:      gammafunk_cloud_chamber, layout_rooms, dancing_weapons_uskayaw,
          uniq_crazy_yiuf_cottage, uniq_edmund, uniq_grinder
D:5:      layout_loops_ring, kb_lookout_dungeons_type, minmay_splitting_lines,
          chequers_serial_rivers_micro_c, uniq_eustachio
D:6:      layout_loops_ring, mainiacjoe_overflow_tiny_flanked, fedhas_altar_4,
          grunt_ministairs_9, uniq_menkaure
D:7:      layout_cave_pods, minmay_temple_entry_gardened_gates
D:8:      layout_loops_ring, beargit_hepliaklqana_dungeon_heroes, serial_shops,
          shop_statue, amcnicky_mini_corridor_feature, corexii_checkpoint_a,
          grunt_tough_drop, uniq_joseph, uniq_grum
D:9:      layout_roguey, grunt_temple_overflow_magic_moments,
          mainiacjoe_overflow_cross_hatched, mainiacjoe_overflow_chevrons,
          dpeg_lair_monsters, uniq_psyche
D:10:     layout_stronghold, nicolae_gozag_seed_capital,
          nicolae_overflow_hidden_temple, zombieorc2_lemuel, grunt_livestock,
          feat_on_display, uniq_harold
D:11:     layout_loops_ring, uniq_erolcha, uniq_sonja
D:12:     layout_loops_corners
D:13:     layout_stronghold, erik_vaults_1
D:14:     layout_loops_ring, minmay_tree_intersection, gauntlet_entry_generic,
          nicolae_underground_beach
D:15:     grunt_enter_depths_giant_problem, layout_irregular_city
Lair:1:   layout_long_grid, kennysheep_snail_temple, grunt_megastairs_1
Lair:2:   gammafunk_worm_tunnel, layout_gridlike, guppyfry_snake_entry_island,
          enter_volcano_3, kennysheep_abandoned_house
Lair:3:   minmay_lair_oklob_tunnel, layout_cave_pods, minmay_shoals_entry_hut,
          hangedman_tree_tricks, grunt_megastairs_2, uniq_gastronok
Lair:4:   layout_cave_pods
Lair:5:   layout_cave_pods, slime_dummy
Lair:6:   gammafunk_lair_ancient_temple, layout_cave_shapes
Snake:1:  layout_honeycomb, uniq_nikola, uniq_roxanne
Snake:2:  layout_layer_cave, st_stairs_13, grunt_ministairs_2
Snake:3:  layout_rooms, special_room, uniq_mara
Orc:1:    layout_caves, basic_altar, bloody_makhleb
Orc:2:    st_orc_congregation, layout_caves, basic_altar, guppyfry_library_mini,
          uniq_azrael, uniq_urug
Elf:1:    eino_elf_arrival_altar, layout_gridlike, serial_shops,
          nicolae_diamond_shop, shop, minmay_elf_sorcery
Elf:2:    elven_hall_of_blades_hangedman_alternative [grunt_blade_entry_basic],
          layout_loops_cross, grunt_ministairs_13
Elf:3:    minmay_elf_hall_four_x, layout_geoelf_grid, serial_shops,
          nicolae_diamond_shop, unseen_surprise_small

Skill      XL: |  1  2  3  4  5  6  7  8  9 10 11 12 13 14 15 16 17 18 |
---------------+-------------------------------------------------------+-----
Fighting       | 3 4 5 6 7 9 10 11 12 13 14 | 14.2
Evocations     | 1 2 3 4 5 7 8 10 12 13 15 16 | 16.8
Stealth        | 1 2 4 5 6 7 8 9 |  9.1
Short Blades   | 1 2 3 4 5 6 7 8 |  8.2
Maces & Flails | 4 5 6 8 9 11 13 14 15 | 15.7
Throwing       | 1 2 3 4 5 6 7 8 9 10 | 10.0
Dodging        | 3 4 5 6 7 8 9 10 | 10.6
Armour         | 3 5 6 7 8 9 10 11 12 | 12.7
Shields        | 1 4 7 9 10 11 12 13 14 | 14.3
Staves         | 1 |  1.8
Long Blades    | 2 |  2.3
Crossbows      | 4 5 |  5.8
Polearms       | |  0.8

Action                   |  1- 3 |  4- 6 |  7- 9 | 10-12 | 13-15 | 16-18 || total
-------------------------+-------+-------+-------+-------+-------+-------++-------
Melee: Mace              |    31 |       |       |       |       |       ||    31
       Whip              |    70 |   115 |   287 |   849 |  1698 |  1312 ||  4331
       Punch             |     1 |     2 |     8 |     1 |       |     8 ||    20
       Short sword       |       |       |   119 |   236 |   244 |     3 ||   602
       Quarterstaff      |       |       |       |    11 |    64 |       ||    75
       Scimitar          |       |       |       |       |    24 |     7 ||    31
       Trident           |       |       |       |       |     5 |       ||     5
       Demon whip        |       |       |       |       |       |    73 ||    73
       Long sword        |       |       |       |       |       |    16 ||    16
 Fire: Heavy crossbow    |       |       |       |       |       |   128 ||   128
Throw: Stone             |    43 |    20 |    67 |     9 |       |       ||   139
       Dart              |     5 |     5 |       |    29 |   164 |    84 ||   287
       Boomerang         |       |       |       |    31 |    54 |    56 ||   141
       Javelin           |       |       |       |       |    47 |    56 ||   103
       Throwing net      |       |       |       |       |       |     1 ||     1
Invok: Berserk           |       |       |       |       |     5 |    11 ||    16
       Brothers in Arms  |       |       |       |       |     8 |     5 ||    13
       Trog's Hand       |       |       |       |       |     3 |    10 ||    13
 Abil: Heal Wounds       |     1 |     3 |       |     4 |     9 |    29 ||    46
Evoke: Wand              |       |       |     1 |     6 |    41 |    18 ||    66
       Lightning rod     |       |       |       |       |     6 |    10 ||    16
       Tin of tremorston |       |       |       |       |     1 |     4 ||     5
       Phantom mirror    |       |       |       |       |       |     2 ||     2
       Condenser vane    |       |       |       |       |       |     2 ||     2
  Use: Scroll            |       |       |     5 |     6 |    19 |    10 ||    40
       Potion            |       |       |       |     2 |     5 |    13 ||    20
 Stab: Sleeping          |     4 |     2 |       |       |     5 |     5 ||    16
       Paralysed         |       |       |       |    16 |     2 |       ||    18
       Petrified         |       |       |       |       |    20 |       ||    20
       Invisible         |       |       |       |       |     3 |     9 ||    12
       Distracted        |       |       |       |       |     2 |     2 ||     4
       Held in net/web   |       |       |       |       |       |     2 ||     2
Armor: Animal skin       |    18 |     9 |       |       |       |       ||    27
       Pearl dragon scal |       |     4 |    90 |   104 |   309 |   284 ||   791
Dodge: Dodged            |    64 |    61 |   335 |   378 |   690 |   651 ||  2179
Block: Kite shield       |       |       |       |   372 |   550 |       ||   922
       Reflection        |       |       |       |    12 |    28 |    32 ||    72
       Buckler           |       |       |       |       |   383 |   252 ||   635
       Other             |       |       |       |       |     7 |   116 ||   123
